TOP OF THE 1ST |
Wisconsin Timber Rattlers batting - Pitching for Greensboro Grasshoppers : RHP Pat Proctor
|
Pitching: RHP Pat Proctor
|
|
Batting: RHB Chris Maul
|
0-0: Swinging Strike 0-1: Ball 1-1: Ball 2-1: Foul Ball, location: 2F 2-2: Ball 3-2: SINGLE (Groundball, 6MD, EV 101.2 MPH)
|
Batting: RHB Victor Alarcon
|
0-0: Called Strike 0-1: Ball 1-1: Ball 2-1: SINGLE (Groundball, 6S, EV 72.5 MPH) (infield hit) Chris Maul to second
|
Batting: LHB Rick Campbell
|
0-0: Ball 1-0: Ball 2-0: Ball 3-0: Base on Balls Chris Maul to third Victor Alarcon to second
|
Batting: RHB Alfredo Sena
|
0-0: Called Strike 0-1: Hit by Pitch Chris Maul scores Victor Alarcon to third Rick Campbell to second
|
Batting: LHB Tyler Francis
|
0-0: Ball 1-0: Ball 2-0: Swinging Strike 2-1: Ball 3-1: Base on Balls Victor Alarcon scores Rick Campbell to third Alfredo Sena to second
|
Batting: RHB Jose Cerritos
|
0-0: Grounds into double play, 5-4-3 (Groundball, 5, EV 95.6 MPH) Rick Campbell scores Alfredo Sena to third
|
Batting: SHB Craig Wright
|
0-0: Ball 1-0: Called Strike 1-1: Ball 2-1: Foul Ball, location: 2F 2-2: Strikes out swinging
|
Top of the 1st over - 3 runs, 2 hits, 0 errors, 1 left on base; Wisconsin 3 - Greensboro 0 |
BOTTOM OF THE 1ST |
Greensboro Grasshoppers batting - Pitching for Wisconsin Timber Rattlers : LHP Mike Moffett
|
Pitching: LHP Mike Moffett
|
|
Batting: RHB Rafael Irizarry
|
0-0: Ball 1-0: Ball 2-0: Ball 3-0: Called Strike 3-1: Ground out 5-3 (Groundball, 5S, EV 83.1 MPH)
|
Batting: RHB Nick Dunton
|
0-0: Called Strike 0-1: Ball 1-1: Called Strike 1-2: Ground out 5-3 (Groundball, 56S, EV 81.2 MPH)
|
Batting: RHB Nate Crofts
|
0-0: Ground out 3-1 (Groundball, 3D, EV 101.9 MPH)
|
Bottom of the 1st over - 0 runs, 0 hits, 0 errors, 0 left on base; Wisconsin 3 - Greensboro 0 |
TOP OF THE 2ND |
Wisconsin Timber Rattlers batting - Pitching for Greensboro Grasshoppers : RHP Pat Proctor
|
Batting: RHB Chris Fruit
|
0-0: Ball 1-0: Called Strike 1-1: Ball 2-1: Ground out 5-3 (Groundball, 56, EV 85.6 MPH)
|
Batting: SHB Robert Sayer
|
0-0: Ball 1-0: Ball 2-0: Called Strike 2-1: Ground out U3 (Groundball, 3, EV 84.4 MPH)
|
Batting: RHB Chris Maul
|
0-0: Called Strike 0-1: Called Strike 0-2: Ball 1-2: Foul Ball, location: 2F 1-2: Fly out, F8 (Flyball, 78D, EV 75.6 MPH)
|
Top of the 2nd over - 0 runs, 0 hits, 0 errors, 0 left on base; Wisconsin 3 - Greensboro 0 |
BOTTOM OF THE 2ND |
Greensboro Grasshoppers batting - Pitching for Wisconsin Timber Rattlers : LHP Mike Moffett
|
Batting: LHB Ryan Karg
|
0-0: Ball 1-0: SINGLE (Groundball, 34D, EV 102.5 MPH)
|
Batting: RHB Larry LeFever
|
0-0: Ball Ryan Karg is caught stealing 2nd base 2-4 1-0: Ground out 4-3 (Groundball, 4, EV 93.1 MPH)
|
Batting: RHB J.D. Vander Klok
|
0-0: Ball 1-0: Foul Ball, location: 2F 1-1: Called Strike 1-2: Strikes out swinging
|
Bottom of the 2nd over - 0 runs, 1 hit, 0 errors, 0 left on base; Wisconsin 3 - Greensboro 0 |
TOP OF THE 3RD |
Wisconsin Timber Rattlers batting - Pitching for Greensboro Grasshoppers : RHP Pat Proctor
|
Batting: RHB Victor Alarcon
|
0-0: Called Strike 0-1: Foul Ball, location: 2F 0-2: Ball 1-2: Fly out, F8 (Line Drive, 78M, EV 86.2 MPH)
|
Batting: LHB Rick Campbell
|
0-0: Called Strike 0-1: Ball 1-1: Swinging Strike 1-2: SOLO HOME RUN (Line Drive, 9LD, EV 103.1 MPH), Distance : 383 ft
|
Batting: RHB Alfredo Sena
|
0-0: Foul Ball, location: 2F 0-1: Foul Ball, location: 2F 0-2: Ball 1-2: Ball 2-2: Fly out, F8 (Line Drive, 8RM, EV 90.0 MPH)
|
Batting: LHB Tyler Francis
|
0-0: Ball 1-0: Ball 2-0: Foul Ball, location: 2F 2-1: Ground out 4-3 (Groundball, 4M, EV 100.6 MPH)
|
Top of the 3rd over - 1 run, 1 hit, 0 errors, 0 left on base; Wisconsin 4 - Greensboro 0 |
BOTTOM OF THE 3RD |
Greensboro Grasshoppers batting - Pitching for Wisconsin Timber Rattlers : LHP Mike Moffett
|
Batting: RHB Dennis Coppolino
|
0-0: Called Strike 0-1: Called Strike 0-2: Foul Ball, location: 2F 0-2: Ball 1-2: Ground out 6-3 (Groundball, 6, EV 81.2 MPH)
|
Batting: RHB Chris Alft
|
0-0: Called Strike 0-1: Ball 1-1: Ball 2-1: Ground out 4-3 (Groundball, 4, EV 85.0 MPH)
|
Batting: LHB Jose Cabello
|
0-0: Ground out 4-3 (Groundball, 4, EV 85.6 MPH)
|
Bottom of the 3rd over - 0 runs, 0 hits, 0 errors, 0 left on base; Wisconsin 4 - Greensboro 0 |
TOP OF THE 4TH |
Wisconsin Timber Rattlers batting - Pitching for Greensboro Grasshoppers : RHP Pat Proctor
|
Batting: RHB Jose Cerritos
|
0-0: Called Strike 0-1: Ball 1-1: Called Strike 1-2: Ground out 4-3 (Groundball, 4, EV 83.8 MPH)
|
Batting: SHB Craig Wright
|
0-0: Ball 1-0: Foul Ball, location: 2F 1-1: Ground out U3 (Groundball, 34D, EV 81.2 MPH)
|
Batting: RHB Chris Fruit
|
0-0: Ball 1-0: Called Strike 1-1: Ground out 5-3 (Groundball, 56, EV 88.8 MPH)
|
Top of the 4th over - 0 runs, 0 hits, 0 errors, 0 left on base; Wisconsin 4 - Greensboro 0 |
BOTTOM OF THE 4TH |
Greensboro Grasshoppers batting - Pitching for Wisconsin Timber Rattlers : LHP Mike Moffett
|
Batting: RHB Rafael Irizarry
|
0-0: Fly out, F9 (Flyball, 9LSF, EV 82.5 MPH)
|
Batting: RHB Nick Dunton
|
0-0: Swinging Strike 0-1: Foul Ball, location: 2F 0-2: Foul Ball, location: 2F 0-2: Strikes out swinging
|
Batting: RHB Nate Crofts
|
0-0: Ground out 1-3 (Groundball, 13, EV 73.8 MPH)
|
Bottom of the 4th over - 0 runs, 0 hits, 0 errors, 0 left on base; Wisconsin 4 - Greensboro 0 |
TOP OF THE 5TH |
Wisconsin Timber Rattlers batting - Pitching for Greensboro Grasshoppers : RHP Pat Proctor
|
Batting: SHB Robert Sayer
|
0-0: Ball 1-0: Called Strike 1-1: Foul Ball, location: 2F 1-2: Ball 2-2: Foul Ball, location: 2F 2-2: Foul Ball, location: 2F 2-2: Ball 3-2: Foul Ball, location: 2F 3-2: Foul Ball, location: 2F 3-2: Ground out 1-3 (Groundball, 13, EV 68.8 MPH)
|
Batting: RHB Chris Maul
|
0-0: Ball 1-0: Ball 2-0: Foul Ball, location: 2F 2-1: Swinging Strike 2-2: Foul Ball, location: 2F 2-2: Ball 3-2: Foul Ball, location: 2F 3-2: Foul Ball, location: 2F 3-2: Base on Balls
|
Pitching: RHP Mike Yorke
|
|
Batting: RHB Victor Alarcon
|
0-0: Grounds into double play, 5-4-3 (Groundball, 56S, EV 88.8 MPH)
|
Top of the 5th over - 0 runs, 0 hits, 0 errors, 0 left on base; Wisconsin 4 - Greensboro 0 |
BOTTOM OF THE 5TH |
Greensboro Grasshoppers batting - Pitching for Wisconsin Timber Rattlers : LHP Mike Moffett
|
Batting: LHB Ryan Karg
|
0-0: Ball 1-0: SINGLE (Groundball, 6M, EV 100.6 MPH) (infield hit)
|
Batting: RHB Larry LeFever
|
0-0: Ball 1-0: Called Strike 1-1: Swinging Strike 1-2: Strikes out swinging
|
Batting: RHB J.D. Vander Klok
|
0-0: Called Strike 0-1: Called Strike 0-2: Ball Passed Ball! Ryan Karg to second 1-2: Ground out 4-3 (Groundball, 4, EV 81.2 MPH) Ryan Karg to third
|
Batting: RHB Dennis Coppolino
|
0-0: Foul Ball, location: 2F 0-1: Foul Ball, location: 2F 0-2: Ball 1-2: Ground out 6-3 (Groundball, 6, EV 80.6 MPH)
|
Bottom of the 5th over - 0 runs, 1 hit, 0 errors, 1 left on base; Wisconsin 4 - Greensboro 0 |
TOP OF THE 6TH |
Wisconsin Timber Rattlers batting - Pitching for Greensboro Grasshoppers : RHP Mike Yorke
|
Batting: LHB Rick Campbell
|
0-0: Ball 1-0: Called Strike 1-1: Foul Ball, location: 2F 1-2: Foul Ball, location: 2F 1-2: Ball 2-2: Ball 3-2: Ground out U3 (Groundball, 34S, EV 90.0 MPH)
|
Batting: RHB Alfredo Sena
|
0-0: Called Strike 0-1: Foul Ball, location: 2F 0-2: Hit by Pitch
|
Batting: LHB Tyler Francis
|
0-0: Ball 1-0: Foul Ball, location: 2F 1-1: Swinging Strike 1-2: Strikes out looking
|
Batting: RHB Jose Cerritos
|
0-0: Swinging Strike 0-1: Ball 1-1: Ground out 1-3 (Groundball, 13S, EV 68.1 MPH)
|
Top of the 6th over - 0 runs, 0 hits, 0 errors, 1 left on base; Wisconsin 4 - Greensboro 0 |
BOTTOM OF THE 6TH |
Greensboro Grasshoppers batting - Pitching for Wisconsin Timber Rattlers : LHP Mike Moffett
|
Batting: RHB Chris Alft
|
0-0: SINGLE (Groundball, 56D, EV 105.6 MPH)
|
Batting: LHB Jose Cabello
|
0-0: Ball 1-0: SINGLE (Groundball, 34D, EV 100.0 MPH) Chris Alft to second Runner from 2nd tries for 3rd, OUT! 9-5
|
Batting: RHB Rafael Irizarry
|
0-0: SINGLE (Groundball, 4MD, EV 101.2 MPH) Jose Cabello to second
|
Batting: RHB Nick Dunton
|
0-0: Called Strike 0-1: Ball 1-1: TRIPLE (Line Drive, 9D, EV 103.8 MPH) Jose Cabello scores Rafael Irizarry scores
|
Batting: RHB Nate Crofts
|
0-0: Called Strike 0-1: Foul Ball, location: 2F 0-2: Ball 1-2: Ball 2-2: Ball 3-2: Base on Balls
|
Batting: LHB Ryan Karg
|
0-0: Called Strike 0-1: Ball 1-1: Foul Ball, location: 2F 1-2: Ball 2-2: Foul Ball, location: 2F 2-2: Strikes out looking
|
Batting: RHB Larry LeFever
|
0-0: Called Strike 0-1: Ball 1-1: Ball 2-1: Fly out, F7 (Flyball, 78M, EV 87.5 MPH)
|
Bottom of the 6th over - 2 runs, 4 hits, 0 errors, 2 left on base; Wisconsin 4 - Greensboro 2 |
TOP OF THE 7TH |
Wisconsin Timber Rattlers batting - Pitching for Greensboro Grasshoppers : RHP Mike Yorke
|
Pitching: RHP Bill Padgett
|
|
Batting: SHB Craig Wright
|
0-0: Fly out, F8 (Flyball, 8LD, EV 103.1 MPH)
|
Batting: RHB Chris Fruit
|
0-0: Called Strike 0-1: SINGLE (Groundball, 6M, EV 101.2 MPH) (infield hit)
|
Batting: SHB Robert Sayer
|
0-0: Ball 1-0: Called Strike 1-1: Ball Chris Fruit is caught stealing 2nd base 2-6 2-1: Called Strike 2-2: Strikes out swinging
|
Top of the 7th over - 0 runs, 1 hit, 0 errors, 0 left on base; Wisconsin 4 - Greensboro 2 |
BOTTOM OF THE 7TH |
Greensboro Grasshoppers batting - Pitching for Wisconsin Timber Rattlers : LHP Mike Moffett
|
Batting: RHB J.D. Vander Klok
|
0-0: Ball 1-0: Foul Ball, location: 2F 1-1: Ball 2-1: Foul Ball, location: 2F 2-2: Ball 3-2: SINGLE (Line Drive, 4M, EV 106.2 MPH)
|
Batting: RHB Dennis Coppolino
|
0-0: Ball 1-0: Ball 2-0: Ball 3-0: Called Strike 3-1: Base on Balls J.D. Vander Klok to second
|
Batting: RHB Chris Alft
|
0-0: Ball 1-0: Grounds into double play, 6-4-3 (Groundball, 56, EV 98.8 MPH) J.D. Vander Klok to third
|
Batting: LHB Jose Cabello
|
0-0: Called Strike 0-1: Ground out 4-3 (Groundball, 4S, EV 90.6 MPH)
|
Bottom of the 7th over - 0 runs, 1 hit, 0 errors, 1 left on base; Wisconsin 4 - Greensboro 2 |
TOP OF THE 8TH |
Wisconsin Timber Rattlers batting - Pitching for Greensboro Grasshoppers : RHP Bill Padgett
|
Pitching: RHP Joe Lynn
|
|
Batting: RHB Chris Maul
|
0-0: Foul Ball, location: 2F 0-1: Swinging Strike 0-2: SINGLE (Groundball, 56D, EV 104.4 MPH)
|
Batting: RHB Victor Alarcon
|
0-0: Ball Chris Maul steals 2nd base (no throw) 1-0: Ball 2-0: Ball 3-0: Base on Balls
|
Batting: LHB Rick Campbell
|
0-0: Called Strike 0-1: Ball 1-1: Called Strike 1-2: Foul Ball, location: 2F 1-2: Ball 2-2: Ball 3-2: Strikes out looking
|
Batting: RHB Alfredo Sena
|
0-0: Ball 1-0: Ball 2-0: Fielders Choice at 2nd, 1-6 (Groundball, 13S, EV 71.9 MPH) Chris Maul to third
|
Batting: LHB Tyler Francis
|
0-0: Ball 1-0: Reached on error, E4 (Groundball, 34S, EV 82.5 MPH) Chris Maul scores Alfredo Sena to second
|
Batting: RHB Jose Cerritos
|
0-0: Ball 1-0: 3-RUN HOME RUN (Flyball, 78XD, EV 110.0 MPH), Distance : 424 ft
|
Batting: SHB Craig Wright
|
0-0: Foul Ball, location: 2F 0-1: Swinging Strike 0-2: Strikes out looking
|
Top of the 8th over - 4 runs, 2 hits, 1 error, 0 left on base; Wisconsin 8 - Greensboro 2 |
BOTTOM OF THE 8TH |
Greensboro Grasshoppers batting - Pitching for Wisconsin Timber Rattlers : LHP Mike Moffett
|
Batting: RHB Rafael Irizarry
|
0-0: Ball 1-0: Called Strike 1-1: Ground out 5-3 (Groundball, 56, EV 90.6 MPH)
|
Batting: RHB Nick Dunton
|
0-0: SINGLE (Line Drive, 56D, EV 95.6 MPH)
|
Pitching: RHP Javy Rodriquez
|
|
Batting: RHB Nate Crofts
|
0-0: Called Strike 0-1: Foul Ball, location: 2F 0-2: Foul Ball, location: 2F 0-2: Strikes out looking
|
Batting: LHB Ryan Karg
|
0-0: Ball 1-0: Hit by Pitch Nick Dunton to second
|
Batting: RHB Larry LeFever
|
0-0: Foul Ball, location: 2F 0-1: Foul Ball, location: 2F 0-2: Ball 1-2: Strikes out swinging
|
Bottom of the 8th over - 0 runs, 1 hit, 0 errors, 2 left on base; Wisconsin 8 - Greensboro 2 |
TOP OF THE 9TH |
Wisconsin Timber Rattlers batting - Pitching for Greensboro Grasshoppers : RHP Joe Lynn
|
Batting: RHB Chris Fruit
|
0-0: DOUBLE (Flyball, 8LXD, EV 102.5 MPH)
|
Batting: SHB Robert Sayer
|
0-0: Called Strike 0-1: Foul Ball, location: 2F 0-2: Strikes out swinging
|
Pitching: RHP Felix Moreno
|
|
Batting: RHB Chris Maul
|
0-0: 2-RUN HOME RUN (Flyball, 78XD, EV 108.8 MPH), Distance : 408 ft
|
Pinch Hitting: RHB Michael Dickerson
|
0-0: Foul Ball, location: 2F 0-1: Ball 1-1: Fly out, F7 (Flyball, 78S, EV 87.5 MPH)
|
Pinch Hitting: SHB C.J. Olivares
|
0-0: Ball 1-0: Ball 2-0: Ball 3-0: Called Strike 3-1: Foul Ball, location: 2F 3-2: SOLO HOME RUN (Flyball, 9D, EV 100.0 MPH), Distance : 401 ft
|
Batting: RHB Alfredo Sena
|
0-0: Ball 1-0: Foul Ball, location: 2F 1-1: Ball 2-1: Foul Ball, location: 2F 2-2: Strikes out swinging
|
Top of the 9th over - 3 runs, 3 hits, 0 errors, 0 left on base; Wisconsin 11 - Greensboro 2 |
BOTTOM OF THE 9TH |
Greensboro Grasshoppers batting - Pitching for Wisconsin Timber Rattlers : RHP Javy Rodriquez
|
Now at 2B: C.J. Olivares
|
|
Now in LF: Sal Burgos
|
|
Batting: RHB J.D. Vander Klok
|
0-0: Ground out U3 (Groundball, 23, EV 86.9 MPH)
|
Batting: RHB Dennis Coppolino
|
0-0: Fly out, F8 (Flyball, 8RD, EV 75.6 MPH)
|
Batting: RHB Chris Alft
|
0-0: Called Strike 0-1: Swinging Strike 0-2: Foul Ball, location: 2F 0-2: Ball 1-2: Ball 2-2: Foul Ball, location: 2F 2-2: Ball 3-2: Base on Balls
|
Batting: LHB Jose Cabello
|
0-0: Called Strike 0-1: Ball 1-1: Ball 2-1: SINGLE (Groundball, 56D, EV 96.9 MPH) Chris Alft to second
|
Batting: RHB Rafael Irizarry
|
0-0: Ground out 4-3 (Groundball, 4, EV 84.4 MPH)
|
Bottom of the 9th over - 0 runs, 1 hit, 0 errors, 2 left on base; Wisconsin 11 - Greensboro 2 |
|